 Dungeon Crawl Stone Soup version 0.29.1-2-gbd0b4ee654 (webtiles) character file.

Game seed: 13299750966645726447

128 qeuew the Chopper (level 4, -3/36 HPs)
             Began as a Demonspawn Chaos Knight on Nov 4, 2022.
             Was a Plaything of Xom.
             Slain by a gnoll
             ... wielding a +0 flail
              (5 damage)
             ... on level 3 of the Dungeon.
             The game lasted 00:02:53 (3043 turns).

qeuew the Chopper (Demonspawn Chaos Knight)         Turns: 3043, Time: 00:02:53

Health: -3/36      AC: 10    Str: 14    XL:     4   Next: 86%
Magic:  4/4        EV: 10    Int: 14    God:    Xom [*.....]
Gold:   179        SH:  0    Dex: 12    Spells: 3/3 levels left

rFire   . . .      SeeInvis .   a - +0 hand axe (chaos)
rCold   + . .      Faith    .   (no shield)
rNeg    . . .      Spirit   .   k - +1 ring mail
rPois   .          Reflect  .   (no helmet)
rElec   .          Harm     .   (no cloak)
rCorr   .          Rampage  .   d - +2 pair of gloves
Will    .....                   (no boots)
Stlth   +.........              (no amulet)
HPRegen 0.12/turn               l - ring of protection from cold
MPRegen 0.09/turn               (no ring)

@: no status effects
A: rugged brown scales 1, spiny 1
a: Renounce Religion


You were on level 3 of the Dungeon.
You worshipped Xom.
You were a special plaything of Xom.
You visited 1 branch of the dungeon, and saw 3 of its levels.

You collected 179 gold pieces.

Inventory:

Hand Weapons
 a - a +0 hand axe of chaos (weapon)
Armour
 d - a +2 pair of gloves (worn)
 k - a +1 ring mail (worn)
Jewellery
 l - a ring of protection from cold (left hand)
Scrolls
 g - a scroll of silence {unknown}
Potions
 b - a potion of mutation {unknown}
 e - a potion of curing
 f - a potion of might
 h - a potion of cancellation {unknown}
 i - a potion of attraction {unknown}
 j - 2 potions of berserk rage {unknown}
 m - a potion of heal wounds {unknown}
Miscellaneous
 c - a piece from Xom's chessboard (15/15) (quivered)


   Skills:
 + Level 3.4 Fighting
 + Level 3.8 Axes
 * Level 2.8 Armour
 * Level 1.7 Dodging
 + Level 0.7 Stealth


You had 3 spell levels left.
You didn't know any spells.
Your spell library contained the following spells:

 Spells                   Type           Power      Damage    Failure   Level
 Apportation              Tloc           0%         N/A       50%         1
 Necrotise                Necr           0%         1d4       50%         1
 Summon Small Mammal      Summ           0%         N/A       50%         1
 Lesser Beckoning         Tloc           0%         N/A       86%         3
 Mephitic Cloud           Conj/Pois/Air  0%         N/A       86%         3
 Corpse Rot               Necr/Pois/Air  0%         N/A       99%         4
 Alistair's Intoxication  Tmut/Pois      0%         N/A       100%        5
 Lightning Bolt           Conj/Air       0%         1d11      100%        5


Dungeon Overview and Level Annotations

Branches:
Dungeon (3/15)

Altars:


Innate Abilities, Weirdness & Mutations

You are partially covered in rugged brown scales. (AC +1, +3% HP)
You are partially covered in sharp spines.


Message History

The gnoll is severely wounded.
The gnoll barely misses you.
There are monsters nearby!
You closely miss the gnoll.
The gnoll is severely wounded.
You closely miss the gnoll.
A gnoll comes into view. It is wielding a +0 whip.
The gnoll is struck by your spines. The gnoll barely misses you. x2
Your gnoll zombie hits the gnoll.
There are monsters nearby!
You hit the gnoll but do no damage.
The gnoll is poisoned.
The gnoll is severely wounded.
You barely miss the gnoll. The gnoll is struck by your spines.
The gnoll barely misses you. The gnoll closely misses you.
An orc comes into view. It is wielding a +0 dagger.
Your gnoll zombie hits the gnoll.
There are monsters nearby!
You closely miss the gnoll.
The gnoll is almost dead.
You hit the gnoll but do no damage.
The gnoll flickers and vanishes!
Deactivating autopickup; reactivate with Ctrl-A.
You kill the gnoll!
Something hits you.
There are monsters nearby!
You are too injured to fight recklessly!
There are monsters nearby!
You are too injured to fight recklessly!
There are monsters nearby!
You are too injured to fight recklessly!
There are monsters nearby!
You are too injured to fight recklessly!
There are monsters nearby!
You barely miss something. Something hits you!
* * * LOW HITPOINT WARNING * * *
The gnoll is struck by your spines. The gnoll closely misses you.
Something hits you.
* * * LOW HITPOINT WARNING * * *
You barely miss something. You hit the gnoll.
The gnoll hits you but does no damage. Something hits you.
You die...

...# #...# ##.###.Z##
#......#
###.##.####.##
##.##...<....
#............ #
#.....<.....# .#.##
#.##############..o...
#.# #.......@{....#
##.## #.####..Zg..#..#
#...# #.# #.##.###.#
##...####.# #.# #.#..#
.......##.# #.# #.#.#
........Z.# #.# ##.#
.......#### #[# #.#
##...### #.# #.#
##...# #.# #.#


You could see a gnoll, an orc and a friendly gnoll zombie.

Vanquished Creatures
  6 gnolls (D:3)
  2 adders (D:3)
  A dart slug (D:3)
  An orc (D:3)
  5 endoplasms
  2 giant cockroaches
  6 goblins
  2 hobgoblins
  4 jackals (D:2)
  3 kobolds (D:1)
  A quokka (D:1)
  10 ball pythons
  A bat (D:2)
  3 frilled lizards (D:1)
  4 rats
51 creatures vanquished.

Notes
Turn   | Place    | Note
-------+----------+-------------------------------------------
     0 | D:1      | qeuew the Demonspawn Chaos Knight began the quest for the
                  | Orb.
     0 | D:1      | Reached XP level 1. HP: 18/18 MP: 1/1
   108 | D:1      | XOM: silly message
   162 | D:1      | Reached skill level 1 in Dodging
   162 | D:1      | XOM: smoke on damage
   317 | D:1      | XOM: silly message
   448 | D:1      | XOM: silly message
   451 | D:1      | Gained mutation: You are partially covered in rugged brown
                  | scales. (AC +1, +3% HP) [demonic ancestry]
   451 | D:1      | Reached XP level 2. HP: 16/24 MP: 2/2
   477 | D:1      | XOM: divination: magic mapping
  1066 | D:2      | XOM: silly message
  1126 | D:2      | XOM: divination: detect items
  1312 | D:2      | XOM: 3-stop teleportation journey
  1483 | D:2      | XOM: stat loss: -1 Str (11/12)
  1500 | D:2      | XOM: noise
  1529 | D:2      | Gained mutation: You are partially covered in sharp spines.
                  | [demonic ancestry]
  1529 | D:2      | Reached XP level 3. HP: 24/29 MP: 3/3
  2473 | D:3      | Got Sif Muna's Handbook of Breezy Shifting
  2584 | D:3      | XOM: 4-stop teleportation journey
  2590 | D:3      | Reached XP level 4. HP: 32/36 MP: 4/4
  2591 | D:3      | XOM: noise
  2594 | D:3      | XOM: swap monsters
  3030 | D:3      | XOM: chaos upgrade
  3042 | D:3      | HP: 1/36 [something (6)]
  3043 | D:3      | Slain by a gnoll

Illustrated notes

Levels and vault maps discovered:
D:1:      lemuel_arrival_tunnels, layout_rooms, minmay_misc_feat_doors,
          minmay_curled_crystal
D:2:      layout_basic
D:3:      layout_loops_ring, chequers_ecumenical_altar_lobes

Skill      XL: |  1  2  3 |
---------------+----------+-----
Dodging        | 1 |  1.7
Axes           | 3 |  3.8
Armour         | 2 |  2.8
Fighting       | |  3.4
Stealth        | |  0.7

Action                   |  1- 3 |  4- 6 || total
-------------------------+-------+-------++-------
Melee: Hand axe          |   106 |    20 ||   126
       Punch             |     1 |       ||     1
Evoke: Piece from Xom's  |       |     1 ||     1
  Use: Scroll            |     9 |       ||     9
 Stab: Petrified         |       |     2 ||     2
       Petrifying        |       |     1 ||     1
Armor: Leather armour    |     9 |       ||     9
       Ring mail         |    34 |    10 ||    44
Dodge: Dodged            |    55 |    16 ||    71
